 Dungeon Crawl Stone Soup version 0.30.1 (webtiles) character file.

Game seed: 1797387251548058

82 Sanktem7 the Trooper (level 4, -1/40 HPs)
             Began as a Minotaur Fighter on July 11, 2023.
             Slain by Grinder (6 damage)
             ... on level 2 of the Dungeon.
             The game lasted 00:02:29 (1431 turns).

Sanktem7 the Trooper (Minotaur Fighter)             Turns: 1431, Time: 00:02:30

Health: -1/40      AC: 13    Str: 23    XL:     4   Next: 21%
Magic:  3/3        EV:  6    Int:  5    God:
Gold:   89         SH:  4    Dex:  9    Spells: 3/3 levels left

rFire   . . .        a - +0 war axe {axe}
rCold   . . .        c - +0 buckler
rNeg    . . .        g - +0 plate armour
rPois   .            (helmet restricted)
rElec   .            (no cloak)
rCorr   .            (no gloves)
SInv    .            t - +0 pair of boots
Will    .....        (no amulet) Stlth
                     (no ring)
HPRegen 0.26/turn    (no ring)
MPRegen 0.08/turn

%: no passive effects
@: no status effects
A: horns 2, retaliatory headbutt
a: no special abilities


You were on level 2 of the Dungeon.
You visited 1 branch of the dungeon, and saw 3 of its levels.

You collected 89 gold pieces.


Innate Abilities, Weirdness & Mutations

You have a pair of horns on your head.
You reflexively headbutt those who attack you in melee.


   Skills:
 + Level 4.2 Fighting
 * Level 3.9 Axes
 + Level 4.2 Armour
 + Level 4.2 Shields


You had 3 spell levels left.
You didn't know any spells.
Your spell library contained the following spells:

 Spells                   Type           Power      Damage    Failure   Level
 Slow                     Hex            0%         N/A       100%        1
 Confusing Touch          Hex            0%         N/A       100%        3
 Inner Flame              Hex/Fire       0%         N/A       100%        3
 Vampiric Draining        Necr           0%         2d6       100%        3
 Yara's Violent Unravell  Hex/Tmut       0%         3d3       100%        5
 Enfeeble                 Hex            0%         N/A       100%        7

Inventory:

Hand Weapons
 a - a +0 war axe (weapon) {axe}
 m - a +1 heavy sling
   (You took it off a goblin on level 2 of the Dungeon)
 p - a +3 spectral club {mace}
   (You took it off Robin on level 2 of the Dungeon)
Missiles
 b - 6 curare-tipped darts {=fthrowing}
 f - 15 stones (quivered) {throwing}
 u - a silver boomerang {throwing}
Armour
 c - a +0 buckler (worn)
 g - a +0 plate armour (worn)
   (You found it on level 1 of the Dungeon)
 t - a +0 pair of boots (worn)
   (You found it on level 2 of the Dungeon)
Wands
 q - a wand of digging (2)
   (You took it off Robin on level 2 of the Dungeon)
Scrolls
 i - 4 scrolls of identify {unknown}
 k - 2 scrolls of noise {unknown}
 l - a scroll of teleportation {unknown}
 n - a scroll of blinking {unknown}
 o - a scroll of immolation {unknown}
Potions
 d - a potion of might
 e - a potion of lignification {unknown}
 h - 3 potions of curing {unknown}
 j - a potion of berserk rage {unknown}
 r - a potion of mutation {unknown}
 s - a potion of flight {unknown}

Dungeon Overview and Level Annotations

Branches:
Dungeon (3/15) Zot: 16521

Altars:

Annotations:
D:2 Grinder

....##.### #..####.#
.........# #....##.#
.........# ##.##.##.#
..#......# #........#
###......# #........#
###......###.##..#.##
).........##.##.##.#
###.##....##.##.##.#
###.##..#.##....@..#
....###...#####5####
###.####..# #.#
######### #.......##
#.# #.......#
#........####.#
#.#####.####
####.#........#
####.###..<....
#[#.#.######
#........#.####
#...#.#
#.##.##..#.##..
#.###.#
#.##.#####.##.#


You could see Grinder.


Message History

You slash the dart slug!
You kill the dart slug!
No target in view!
No target in view!
No target in view!
No target in view!
No target in view!
No target in view!
No target in view!
Found a stone staircase leading down.
Done exploring.
Done exploring.
There is a stone staircase leading down here.
You climb downwards.
Grinder shouts!
The orc shouts!
Found 10 gold pieces and a scroll labelled RIRHEF NELUTZ.
Found a stone staircase leading down.
There is a stone staircase leading up here.
An orc comes into view.
It is wielding a +0 whip and quivering silver boomerangs.
The orc shouts!
A rat comes into view.
Grinder rolls her eyes.
The orc hits you but does no damage.
You barely miss the orc. You slash the orc!
You kill the orc!
The orc hits you but does no damage.
You barely miss the orc. Your headbutt misses the orc. You barely miss the orc.
The orc hits you but does no damage.
Grinder blinks!
The orc hits you but does no damage.
You slash the orc!
You kill the orc!
You slash the orc!
You kill the orc!
You block the rat's attack. Grinder gestures at you.
Pain shoots through your body!
Things that are here:
a +0 short sword {short}; an orc corpse; 😮 HP[-14]
You take 14 damage, and now have 26/40 hp.
MASSIVE DAMAGE!! (PAUSE)
The rat bites you.
Items here: ( )) †. 😮 HP[-1]
You take 1 damage, and now have 25/40 hp.
You hit the rat.
You kill the rat!
Grinder gestures at you.
You resist with significant effort. 😮 HP[+1]
You see here a rat corpse.
You barely miss Grinder. Grinder hits you!
* * * LOW HITPOINT WARNING * * *
You writhe in agony.
* * * LOW HITPOINT WARNING * * *
😨 HP[-8]
You take 8 damage, and now have 18/40 hp.
You hit Grinder but do no damage. Grinder gestures at you.
You suddenly lose the ability to move!
Grinder hits you but does no damage.
Grinder blinks!
You can move again. 😨 HP[+1]
u - a silver boomerang {throwing}
Things that are here:
a +0 whip {mace}; a +0 club {mace}; an orc corpse
There is a stone staircase leading up here. 😨 HP[+1] Grinder hits you.
* * * LOW HITPOINT WARNING * * *
You climb upwards.
There is a stone staircase leading down here. 😨 HP[-6]
You take 6 damage, and now have 14/40 hp.
You closely miss Grinder. Grinder gestures at you.
You resist with significant effort. 😨 HP[+1]
You barely miss Grinder. Your headbutt misses Grinder. Grinder gestures at you.
You barely resist. You slash Grinder! You headbutt Grinder.
Grinder hits you but does no damage. Grinder hits you.
* * * LOW HITPOINT WARNING * * *
😨 HP[-4]
You take 4 damage, and now have 11/40 hp.
You hit Grinder but do no damage.
Grinder hits you but does no damage. 😨 HP[+1]
You hit Grinder but do no damage. You block Grinder's attack.
You hit Grinder. Your headbutt misses Grinder. You block Grinder's attack.
Grinder hits you but does no damage.
You slash Grinder! You headbutt Grinder. Grinder closely misses you. 😨 HP[+1]
You closely miss Grinder. Your headbutt misses Grinder. Grinder hits you.
* * * LOW HITPOINT WARNING * * *
You writhe in agony.
* * * LOW HITPOINT WARNING * * *
😱 HP[-8]
You take 8 damage, and now have 5/40 hp.
You hit Grinder. Grinder hits you.
You die...

Skill      XL: |  1  2  3 |
---------------+----------+-----
Axes           | 3 |  3.9
Armour         | 4 |  4.2
Fighting       | 4 |  4.2
Shields        | 4 |  4.2

Action                     |  1- 3 |  4- 6 || total
---------------------------+-------+-------++-------
  Melee: War axe           |    98 |    28 ||   126
         Headbutt          |    13 |     4 ||    17
 Armour: Scale mail        |     3 |       ||     3
         Plate armour      |    73 |    16 ||    89
  Dodge: Dodged            |    33 |     7 ||    40
  Block: Buckler           |    22 |     7 ||    29

Levels and vault maps discovered:
D:1:      heliophobic_arrival_enchanted_forest, layout_loops_ring,
          minmay_octomino_e4
D:2:      layout_loops_cross, uniq_robin
D:3:      kennysheep_the_goblin_king, layout_basic, uniq_grinder, uniq_sigmund

Notes
Turn   | Place    | Note
-------+----------+-------------------------------------------
     0 | D:1      | Sanktem7 the Minotaur Fighter began the quest for the Orb.
     0 | D:1      | Reached XP level 1. HP: 19/19 MP: 0/0
     0 | D:1      | magus.rc [v1.9.6]
   106 | D:1      | Reached XP level 2. HP: 27/27 MP: 1/1
   280 | D:1      | Reached skill level 3 in Axes
   768 | D:2      | Reached skill level 4 in Armour
   816 | D:2      | Reached XP level 3. HP: 33/33 MP: 2/2
   830 | D:2      | You pick up a book of Misfortune and begin reading...
   830 | D:2      | You add the spells Inner Flame, Yara's Violent Unravelling
                  | and Enfeeble to your library.
   851 | D:2      | Reached skill level 4 in Fighting
   873 | D:2      | Reached skill level 4 in Shields
   964 | D:2      | Noticed Robin
   985 | D:2      | Killed Robin
  1200 | D:2      | Reached XP level 4. HP: 40/40 MP: 3/3
  1212 | D:2      | You pick up a book of Debilitation and begin reading...
  1212 | D:2      | You add the spells Slow, Vampiric Draining and Confusing
                  | Touch to your library.
  1400 | D:3      | Noticed Grinder
  1416 | D:3      | Paralysed by Grinder for 2 turns
  1430 | D:2      | HP: 5/40 [Grinder (6)]
  1431 | D:2      | Slain by Grinder

Vanquished Creatures
  Robin (D:2)
  4 dart slugs
  3 orcs (D:3)
  4 ball pythons
  An endoplasm (D:1)
  3 giant cockroaches
  9 goblins (D:2)
  11 hobgoblins
  2 jackals (D:1)
  3 quokkas
  3 bats
  3 frilled lizards
  2 kobolds
  6 rats
55 creatures vanquished.

Table legend:
 A = Non-vault XP
 B = Vault XP
 C = Vault XP percentage of total XP
 D = Non-vault monster count
 E = Vault monster count
 F = Vault count percentage of total count
                 A         B        C        D         E       F
            +---------+---------+-------+---------+---------+-------
      Total |      78 |      40 |  33.9 |      41 |      14 |  25.5
            +---------+---------+-------+---------+---------+-------
        D:1 |      32 |       5 |  13.5 |      16 |       3 |  15.8
        D:2 |      36 |      35 |  49.3 |      21 |      11 |  34.4
        D:3 |      10 |       0 |   0.0 |       4 |       0 |   0.0
            +---------+---------+-------+---------+---------+-------

Skill      XL: |  1  2  3 |
---------------+----------+-----
Axes           | 3 |  3.9
Armour         | 4 |  4.2
Fighting       | 4 |  4.2
Shields        | 4 |  4.2

Action                     |  1- 3 |  4- 6 || total
---------------------------+-------+-------++-------
  Melee: War axe           |    98 |    28 ||   126
         Headbutt          |    13 |     4 ||    17
 Armour: Scale mail        |     3 |       ||     3
         Plate armour      |    73 |    16 ||    89
  Dodge: Dodged            |    33 |     7 ||    40
  Block: Buckler           |    22 |     7 ||    29

Illustrated notes

Table legend:
 A = Kills in this place as a percentage of kills in the entire game.
 B = Kills by you in this place as a percentage of kills by you in the entire game.
 C = Kills by friends in this place as a percentage of kills by friends in the entire game.
 D = Other kills in this place as a percentage of other kills in the entire game.
 E = Experience gained in this place as a percentage of experience gained in the entire game.
 F = Experience gained in this place divided by the number of levels of this place that you have seen.
                   A       B       C       D       E      F
               +-------+-------+-------+-------+-------+----------------------
         Total | 100.0 | 100.0 |   N/A |   N/A | 100.0 |  39.3
       Dungeon | 100.0 | 100.0 |   N/A |   N/A | 100.0 |  39.3
               +-------+-------+-------+-------+-------+----------------------

Table legend: (Time is in decaauts)
 A = Elapsed time spent in this place.
 B = Non-inter-level travel time spent in this place.
 C = Inter-level travel time spent in this place.
 D = Time resting spent in this place.
 E = Time spent auto-exploring this place.
 F = Levels seen in this place.
 G = Mean time per level.
                   A        B        C        D        E       F      G
               +--------+--------+--------+--------+--------+-----+--------+
         Total |   1477 |   1461 |     16 |      0 |   1126 |   3 |  492.3 |
       Dungeon |   1477 |   1461 |     16 |      0 |   1126 |   3 |  492.3 |
               +--------+--------+--------+--------+--------+-----+--------+

Top non-repeatable levels by time:
     D:1: 762 daAuts
     D:2: 690 daAuts
     D:3: 23 daAuts
